 Dungeon Crawl Stone Soup version 0.30-a0-726-gd89dcf765f (webtiles) character file.

Game seed: 2530118619198744274

4075 themarg the Thaumaturge (level 10, -1/76 HPs)
             Began as a Mummy Cinder Acolyte on Jan 29, 2023.
             Was a Believer of Ignis.
             Engulfed by a steam dragon's steam (19 damage)
             ... on level 7 of the Dungeon.
             The game lasted 00:28:53 (8583 turns).

themarg the Thaumaturge (Mummy Cinder Acolyte)      Turns: 8583, Time: 00:28:53

Health: -1/76      AC:  4    Str: 18    XL:     10   Next: 5%
Magic:  8/24       EV: 12    Int: 17    God:    Ignis [**....]
Gold:   404        SH:  5    Dex:  8    Spells: 22/29 levels left

rFire   x . .      SeeInvis +    a - +0 hand axe (flame)
rCold   + + .      Faith    +    (no shield)
rNeg    + + +      Spirit   .    b - +0 robe
rPois   ∞          Reflect  +    q - +0 helmet
rElec   .          Harm     .    i - +0 cloak
rCorr   .          Rampage  .    (no gloves)
Will    +....                    (no boots)
Stlth   ++                       z - amulet of reflection
HPRegen 0.32/turn                t - ring of ice
MPRegen 0.19/turn                l - ring of see invisible

@: very slightly contaminated
A: cold resistance 1, negative energy resistance 3, torment resistance 2, heat
vulnerability 1, in touch with death 1, no potions, faith
a: Renounce Religion, Fiery Armour, Foxfire Swarm


You were on level 7 of the Dungeon.
You worshipped Ignis.
Ignis was pleased with you.
You visited 2 branches of the dungeon, and saw 8 of its levels.

You collected 404 gold pieces.

Inventory:

Hand Weapons
 a - a +0 hand axe of flaming (weapon)
 p - a +1 dagger of electrocution
 C - a +1 hand axe of draining
Missiles
 d - 40 stones (quivered)
 u - 3 boomerangs of dispersal
 v - 12 boomerangs
 x - a throwing net
Armour
 b - a +0 robe (worn)
 i - a +0 cloak (worn)
 q - a +0 helmet (worn)
 A - +0 steam dragon scales
Jewellery
 l - a ring of see invisible (right hand)
 t - a ring of ice (left hand)
 z - an amulet of reflection (around neck)
 D - the ring "Urghuymp" {rC++ Will+}
   (You took it off a gnoll sergeant on level 7 of the Dungeon)

   [ring of willpower]

   rC:        It greatly protects you from cold.
   Will:      It increases your willpower.
Wands
 n - a wand of polymorph (6)
 o - a wand of roots (14)
 B - a wand of charming (9)
Scrolls
 c - 2 scrolls of fear
 e - a scroll of enchant weapon
 f - a scroll of vulnerability
 g - a scroll of fog {unknown}
 h - a scroll of poison {unknown}
 j - 3 scrolls of teleportation
 k - 2 scrolls of amnesia {unknown}
 m - 2 scrolls of blinking {unknown}
 r - a scroll of immolation {unknown}
 s - a scroll of magic mapping {unknown}
 w - 2 scrolls of enchant armour {unknown}
 y - 2 scrolls of identify {unknown}


   Skills:
 + Level 5.9 Fighting
 - Level 3.1 Axes
 + Level 3.9 Dodging
 - Level 3.0 Stealth
 - Level 10.0 Spellcasting
 + Level 2.0 Necromancy
 + Level 6.5 Fire Magic
 - Level 3.0 Evocations


You had 22 spell levels left.
You knew the following spells:

 Your Spells              Type           Power      Damage    Failure   Level
a - Scorch                Fire           60%        2d8       1%          2
b - Sting                 Tmut/Pois      32%        1d4       9%          1
c - Dispel Undead         Necr           23%        3d12      36%         4

Your spell library contained the following spells:

 Spells                   Type           Power      Damage    Failure   Level
 Slow                     Hex            32%        N/A       9%          1
 Cigotuvi's Dreadful Rot  Necr/Pois/Air  32%        N/A       10%         2
 Vampiric Draining        Necr           23%        2d7       11%         3
 Ensorcelled Hibernation  Hex/Ice        24%        N/A       13%         2
 Call Canine Familiar     Summ           8%         N/A       26%         3
 Confusing Touch          Hex            8%         N/A       26%         3
 Portal Projectile        Hex/Tloc       16%        N/A       26%         3
 Anguish                  Hex/Necr       8%         N/A       50%         4
 Leda's Liquefaction      Hex/Erth       4%         N/A       63%         4
 Yara's Violent Unravell  Hex/Tmut       4%         3d4       93%         5
 Death Channel            Necr           11%        N/A       99%         6
 Enfeeble                 Hex            4%         N/A       100%        7
 Spider Form              Tmut/Pois      Unusable   N/A       N/A         3

Dungeon Overview and Level Annotations

Branches:
Dungeon (7/15)             Temple (1/1) D:5

Altars:
Cheibriados
Gozag
Hepliaklqana
Kikubaaqudgha
Makhleb
Nemelex Xobeh
Okawaru
Qazlal
Ru
Sif Muna
Trog
Vehumet
Wu Jian
Xom
Lugonu

Shops:
D:3 *   D:7 =

Annotations:
D:7 exclusion: 2 boulder beetles


Innate Abilities, Weirdness & Mutations

You are immune to poison.
Your flesh is cold resistant. (rC+)
You are immune to negative energy. (rN+++)
You are immune to unholy pain and torment.
You are vulnerable to heat. (rF-)
You are in touch with the powers of death.
You do not drink.
You have a special connection with the divine. (Faith)


Message History

You hear a shout!
You hear an angry hiss.
Flames lash the orc.
The orc is burned terribly!
You kill the orc!
Flames lash the orc.
The orc is almost dead.
The orc's fire resistance burns away.
Flames lash the orc.
The orc is burned terribly!
You kill the orc!
A steam dragon comes into view.
The steam dragon breathes steam at you. The ball of steam misses you.
An orc comes into view. It is wielding a +0 trident.
The orc shouts!
Flames lash the steam dragon.
The steam dragon is moderately wounded.
The steam dragon's fire resistance burns away.
Flames lash the steam dragon.
The steam dragon is burned terribly!
The steam dragon is moderately wounded.
The steam dragon breathes steam at you. The ball of steam hits you!
The steam scalds you terribly!
An orc wizard comes into view.
It is wielding a +0 dagger and wearing a +0 robe of cold resistance.
Flames lash the orc.
You kill the orc!
The steam dragon bites you. You block the steam dragon's attack.
The orc wizard gestures at you while chanting.
The magic dart hits you!
You miscast Scorch.
You are very lightly contaminated with residual magic.
Nothing appears to happen.
The steam dragon bites you but does no damage.
You block the steam dragon's attack.
Flames lash the steam dragon.
The steam dragon is burned terribly!
The steam dragon is almost dead.
The steam dragon breathes steam at you. The ball of steam hits you!!
The steam scalds you terribly!
* * * LOW HITPOINT WARNING * * *
The steam dragon barely misses you. The steam dragon claws you.
* * * LOW HITPOINT WARNING * * *
You are engulfed in a cloud of scalding steam.
You die...

#...†..........#
########.......+
#...##.).....#
#.§.†<.......#
#.§.##########
#§§.## #§...#
#§§.## #§@.#
#...§D.#
#...o..#
#......#
#......#
#.......
.'........
.#.........


You could see a steam dragon (combustible) and an orc wizard.

Vanquished Creatures
  A boulder beetle (D:7)
  Pikel (D:4)
  Grinder (D:5)
  Prince Ribbit (D:5)
  Eustachio (D:5)
  A vampire mosquito (D:7)
  A steam dragon (D:6)
  Edmund (D:4)
  A water moccasin (D:6)
  An ice beast (D:4)
  2 sky beasts
  A black bear (D:3)
  An ogre (D:3)
  2 lemures (D:3)
  A phantom (D:5)
  A kobold brigand (D:6)
  2 bullfrogs
  A gnoll sergeant (D:7)
  A necrophage (D:4)
  3 scorpions
  A howler monkey (D:5)
  Crazy Yiuf (D:7)
  3 hounds (D:6)
  2 jellies
  5 orc priests
  A gnoll bouda (D:7)
  Natasha (thrice) (D:2)
  Terence (D:3)
  3 iguanas (D:4)
  4 orc wizards
  Robin (D:3)
  9 gnolls
  10 adders
  4 shadow imps
  A white imp (D:7)
  An ufetubus (D:5)
  4 worms
  6 dart slugs
  29 orcs
  9 ball pythons
  10 endoplasms
  4 giant cockroaches
  9 hobgoblins (D:3)
  4 jackals (D:1)
  7 quokkas
  4 bats
  5 frilled lizards
  16 goblins
  11 kobolds
  4 rats
197 creatures vanquished.

Notes
Turn   | Place    | Note
-------+----------+-------------------------------------------
     0 | D:1      | themarg the Mummy Cinder Acolyte began the quest for the
                  | Orb.
     0 | D:1      | Reached XP level 1. HP: 18/18 MP: 2/2
   212 | D:1      | Reached XP level 2. HP: 24/24 MP: 4/4
   260 | D:1      | Reached skill level 2 in Spellcasting
   280 | D:1      | Reached skill level 1 in Stealth
   303 | D:1      | Gained mutation: You are in touch with the powers of death.
                  | [Mummy growth]
   303 | D:1      | Reached XP level 3. HP: 27/29 MP: 6/6
   483 | D:1      | Learned a level 2 spell: Scorch
   972 | D:2      | Noticed Natasha
   978 | D:2      | Reached XP level 4. HP: 34/35 MP: 2/7
   995 | D:2      | Killed Natasha
   997 | D:2      | Reached skill level 3 in Spellcasting
  1188 | D:2      | Noticed Natasha
  1204 | D:2      | Killed Natasha
  1205 | D:2      | Reached XP level 5. HP: 28/41 MP: 2/9
  1225 | D:2      | Noticed Natasha
  1546 | D:2      | Killed Natasha
  1773 | D:3      | Noticed a fire elemental
  1780 | D:3      | Noticed Terence
  1794 | D:3      | Killed Terence
  1941 | D:3      | Reached skill level 4 in Spellcasting
  2038 | D:3      | Found Saqeodgh's Assorted Antiques.
  2129 | D:3      | Noticed Robin
  2146 | D:3      | Killed Robin
  2158 | D:3      | Reached XP level 6. HP: 32/47 MP: 5/12
  2339 | D:3      | Found a stormy altar of Qazlal.
  2342 | D:3      | Noticed a water elemental
  2350 | D:3      | Noticed an air elemental
  3055 | D:4      | Noticed Pikel
  3405 | D:3      | Reached skill level 5 in Spellcasting
  3477 | D:3      | Reached XP level 7. HP: 29/52 MP: 7/14
  3569 | D:4      | Reached skill level 5 in Fire Magic
  4173 | D:4      | Killed Pikel
  4174 | D:4      | Reached skill level 5 in Fighting
  4174 | D:4      | Reached skill level 1 in Dodging
  4174 | D:4      | Reached XP level 8. HP: 50/62 MP: 2/15
  4499 | D:4      | Found an ancient bone altar of Kikubaaqudgha.
  4506 | D:4      | Found a shimmering blue altar of Sif Muna.
  4508 | D:4      | Found a radiant altar of Vehumet.
  4513 | D:4      | Got Sif Muna's Atlas of Vicissitude
  4924 | D:4      | Noticed Edmund
  4944 | D:4      | Killed Edmund
  5098 | D:5      | Entered Level 5 of the Dungeon
  5135 | D:5      | Found a sparkling altar of Nemelex Xobeh.
  5142 | D:5      | Reached skill level 6 in Spellcasting
  5450 | D:5      | Found a bloodstained altar of Trog.
  5490 | D:5      | Found a staircase to the Ecumenical Temple.
  5502 | D:5      | Reached skill level 7 in Spellcasting
  5701 | D:5      | Noticed Eustachio
  5710 | D:5      | Killed Eustachio
  5711 | D:5      | Reached skill level 8 in Spellcasting
  5724 | D:5      | Noticed Grinder
  5792 | D:5      | Killed Grinder
  5793 | D:5      | Reached XP level 9. HP: 68/68 MP: 14/21
  5945 | D:5      | Noticed Prince Ribbit
  5950 | D:5      | Killed Prince Ribbit
  5951 | D:5      | Reached skill level 9 in Spellcasting
  6122 | Temple   | Entered the Ecumenical Temple
  6303 | D:6      | Reached skill level 10 in Spellcasting
  6306 | D:6      | Reached skill level 1 in Evocations
  6554 | D:6      | Found a snail-covered altar of Cheibriados.
  6558 | D:6      | Found a sacrificial altar of Ru.
  7681 | D:7      | Found a runed translucent door.
  7682 | D:7      | Noticed Crazy Yiuf
  7688 | D:7      | Killed Crazy Yiuf
  7864 | D:7      | Found Fuef Ocu's Jewellery Emporium.
  7955 | D:7      | Noticed a boulder beetle
  7966 | D:7      | Noticed a boulder beetle
  8211 | D:7      | Identified the ring "Urghuymp" {rC++ Will+}
  8223 | D:6      | Learned a level 1 spell: Sting
  8246 | D:6      | Learned a level 4 spell: Dispel Undead
  8413 | D:7      | Killed a boulder beetle
  8414 | D:7      | Reached skill level 1 in Necromancy
  8414 | D:7      | Reached XP level 10. HP: 50/76 MP: 4/24
  8583 | D:7      | Engulfed by a steam dragon's steam

Illustrated notes

Levels and vault maps discovered:
D:1:      lemuel_arrival_river_bridge, layout_basic
D:2:      layout_loops_ring, grunt_decor_mini_mirrors, dk_noncrumbling_3,
          uniq_natasha
D:3:      layout_basic, nicolae_qazlal_style_of_elements, serial_shops, shop,
          minmay_distorted, uniq_terence, uniq_robin
D:4:      layout_gridville, grunt_temple_overflow_magic_moments, uniq_pikel,
          uniq_edmund
D:5:      layout_basic, gammafunk_temple_overflow_forgotten,
          minmay_temple_entry_junction_2, uniq_eustachio, uniq_grinder,
          uniq_prince_ribbit1
D:6:      layout_loops_cross, grunt_temple_overflow_open, elyvilon_altar_5,
          st_stairs_7
D:7:      minmay_the_grid_triangle_9x9_recursive_2
          [minmay_the_grid_triangle_9x9_prize_special,
          minmay_the_grid_triangle_9x9_empty,
          minmay_the_grid_triangle_9x9_stretched_checkered,
          minmay_the_grid_triangle_9x9_corruption], layout_gridville,
          fedhas_altar_4, serial_shops, kennysheep_mini_moat,
          kennysheep_little_box, uniq_crazy_yiuf_cottage
Temple:   corrupted_temple

Skill      XL: |  1  2  3  4  5  6  7  8  9 10 |
---------------+-------------------------------+-----
Spellcasting   | 2 3 4 5 8 10 | 10.0
Stealth        | 1 2 3 |  3.0
Fire Magic     | 3 4 6 |  6.5
Axes           | 3 |  3.1
Fighting       | 5 |  5.9
Dodging        | 1 3 |  3.9
Evocations     | 3 |  3.0
Necromancy     | 1 2 |  2.0

Action                     |  1- 3 |  4- 6 |  7- 9 | 10-12 || total
---------------------------+-------+-------+-------+-------++-------
  Melee: Hand axe          |    80 |    82 |    30 |       ||   192
         Punch             |     1 |       |       |       ||     1
   Cast: Scorch            |     8 |    64 |   197 |    12 ||   281
         Sting             |       |       |     5 |       ||     5
 Invoke: Fiery Armour      |     3 |     2 |     4 |       ||     9
         Rising Flame      |       |       |     1 |       ||     1
  Evoke: Wand              |       |       |     5 |       ||     5
    Use: Scroll            |       |     4 |     1 |       ||     5
   Stab: Sleeping          |     1 |     2 |       |       ||     3
 Armour: Robe              |    30 |    25 |    25 |     1 ||    81
  Dodge: Dodged            |    44 |    54 |    68 |     2 ||   168
  Block: Other             |       |       |    12 |     2 ||    14

Table legend: (Time is in decaauts)
 A = Elapsed time spent in this place.
 B = Non-inter-level travel time spent in this place.
 C = Inter-level travel time spent in this place.
 D = Time resting spent in this place.
 E = Time spent auto-exploring this place.
 F = Levels seen in this place.
 G = Mean time per level.
                   A        B        C        D        E       F      G
               +--------+--------+--------+--------+--------+-----+--------+
         Total |   8620 |   8330 |    290 |   1388 |   5547 |   8 | 1077.5 |
       Dungeon |   8574 |   8296 |    278 |   1388 |   5522 |   7 | 1224.9 |
        Temple |     45 |     33 |     12 |      0 |     25 |   1 |   45.0 |
               +--------+--------+--------+--------+--------+-----+--------+

Top non-repeatable levels by time:
     D:3: 1816 daAuts
     D:6: 1572 daAuts
     D:4: 1523 daAuts
     D:5: 1047 daAuts
     D:2: 1035 daAuts
     D:7: 821 daAuts
     D:1: 758 daAuts
  Temple: 45 daAuts
